 Dungeon Crawl Stone Soup version 0.23.2 (webtiles) character file.

Game seed: 17157106173627257398

138 VAZYLA the Covered (level 5, -3/33 HPs)
             Began as a Gargoyle Fighter on Apr 9, 2019.
             Splashed by a jelly's acid (5 damage)
             ... on level 3 of the Dungeon.
             The game lasted 00:06:17 (2818 turns).

VAZYLA the Covered (Gargoyle Fighter)               Turns: 2818, Time: 00:06:18

Health: -3/33      AC:  8    Str: 20    XL:     5   Next: 21%
Magic:  5/5        EV:  8    Int: 15    God:
Gold:   81         SH:  9    Dex:  9    Spells: 4/4 levels left

rFire    + . .     SeeInvis .   a - +0 whip
rCold    . . .     Gourm    .   c - +0 shield
rNeg     + . .     Faith    .   r - +0 ring mail {rF+}
rPois    ∞         Spirit   .   (no helmet)
rElec    +         Reflect  .   g - +0 cloak
rCorr    .         Harm     .   m - +0 pair of gloves
MR       .....                  (no boots)
Stlth    ..........             (no amulet)
HPRegen  0.11/turn              i - +6 ring of intelligence
MPRegen  0.09/turn              (no ring)

@: corroded
A: negative energy resistance 1, electricity resistance, unbreathing,
petrification resistance, rot immunity, AC +4
a: no special abilities


You were on level 3 of the Dungeon.
You were near starving.

You visited 1 branch of the dungeon, and saw 3 of its levels.

You collected 81 gold pieces.

Inventory:

Hand Weapons
 a - a +0 whip (weapon)
 b - a +0 hunting sling
 n - a +0 flail
Missiles
 e - 87 stones (quivered)
Armour
 c - a +0 shield (worn)
 g - a +0 cloak (worn)
 m - a +0 pair of gloves (worn)
 p - a +0 scale mail
 r - a +0 ring mail of fire resistance (worn)
Jewellery
 i - a +6 ring of intelligence (left hand)
Wands
 q - a wand of clouds (7)
Scrolls
 j - a scroll of fear {unknown}
 l - 2 scrolls of remove curse {unknown}
 o - 2 scrolls of teleportation {unknown}
Potions
 d - 3 potions of might
 h - a potion of resistance {unknown}
 k - a potion of lignification {unknown}
Comestibles
 f - 5 rations


   Skills:
 + Level 3.8 Fighting
 * Level 3.4 Maces & Flails
 * Level 4.4 Armour
 + Level 3.9 Shields


You had 4 spell levels left.
You didn't know any spells.
Your spell library was empty.

Dungeon Overview and Level Annotations

Branches:
Dungeon (3/15)

Altars:
Fedhas
Gozag


Innate Abilities, Weirdness & Mutations

You are resistant to torment.
Your stone body is resilient. (AC +4)
You are immune to poison.
You resist negative energy. (rN+)
You are resistant to electric shocks. (rElec)
You can survive without breathing.
You are immune to petrification.
You are immune to rotting.


Message History

The jelly is heavily wounded.
The jelly hits you.
You are splashed with acid!
* * * LOW HITPOINT WARNING * * *
The jelly completely misses you.
There is an open door here.
There is an open door here.
You are no longer corroded.
Your shield prevents you from hitting the jelly.
The jelly is heavily wounded.
The jelly hits you but does no damage.
Your shield and ring mail prevent you from hitting the jelly.
The jelly is heavily wounded.
The jelly hits you.
You are splashed with acid!
* * * LOW HITPOINT WARNING * * *
You whack the jelly! The acid corrodes you!
Your hands burn!
* * * LOW HITPOINT WARNING * * *
The jelly is severely wounded.
You block the jelly's attack.
You hit the jelly.
Your hands burn!
You die...

##.################.# #......#
.#................#.# #......# #
.################.#.# #......# #
.# #.#.####......# # .#
#.#...##......### .#
#.###.##......#.. .# ##### ###.#
#.##......#.#
.#####...######...###.##......#.#
.....'...'......@................
.#####...####.#J#......#......#..
.# #...####)#........#......###
## #.............###...........
#####..................#######
####...#...........######.#######
...'........>......).............
####...##################)#######
##### #.# #


You could see a jelly.

Vanquished Creatures
  Ijyb (D:3)
  3 adders
  2 oozes
  3 worms
  2 dart slugs
  A leopard gecko (D:2)
  4 orcs (D:3)
  2 ball pythons
  4 bats
  4 giant cockroaches
  4 goblins
  10 hobgoblins
  2 frilled lizards
  5 kobolds
  15 rats
62 creatures vanquished.

Notes
Turn   | Place    | Note
-------+----------+-------------------------------------------
     0 | D:1      | VAZYLA the Gargoyle Fighter began the quest for the Orb.
     0 | D:1      | Reached XP level 1. HP: 14/14 MP: 1/1
    31 | D:1      | Reached XP level 2. HP: 14/19 MP: 2/2
   570 | D:1      | Reached XP level 3. HP: 18/23 MP: 3/3
  1161 | D:2      | Reached skill level 4 in Armour
  1189 | D:2      | Reached XP level 4. HP: 27/28 MP: 4/4
  1523 | D:2      | Found a blossoming altar of Fedhas.
  2381 | D:3      | Found a faded altar of an unknown god.
  2522 | D:3      | Found an opulent altar of Gozag.
  2524 | D:3      | Noticed Ijyb
  2556 | D:3      | Killed Ijyb
  2556 | D:3      | Reached XP level 5. HP: 28/33 MP: 5/5
  2818 | D:3      | Splashed by a jelly's acid

Skill      XL: |  1  2  3  4 |
---------------+-------------+-----
Armour         | 4 |  4.4
Maces & Flails | 3 |  3.4
Fighting       | |  3.8
Shields        | |  3.9

Action                   |  1- 3 |  4- 6 || total
-------------------------+-------+-------++-------
Melee: Flail             |    93 |    29 ||   122
       Whip              |       |   150 ||   150
Throw: Stone             |       |     4 ||     4
  Use: Scroll            |       |     3 ||     3
  Eat: Ration            |       |     1 ||     1
       Chunk             |       |     1 ||     1
Armor: Scale mail        |    41 |    58 ||    99
       Ring mail         |       |     4 ||     4
Dodge: Dodged            |    29 |    41 ||    70
Block: Shield            |    42 |    70 ||   112
